 Dungeon Crawl Stone Soup version 0.22.1-1-ga44c0e5 (webtiles) character file.

95001 MalarOregon the Hoplite (level 15, -4/121 HPs)
             Began as a Minotaur Berserker on Sept 23, 2018.
             Was the Champion of Trog.
             Killed from afar by a crystal guardian (15 damage)
             ... with a crystal bolt
             ... on level 13 of the Dungeon.
             The game lasted 00:59:43 (22073 turns).

MalarOregon the Hoplite (Minotaur Berserker)       Turns: 22073, Time: 00:59:44

Health: -4/121     AC: 28    Str: 22    XL:     15   Next: 65%
Magic:  21/21      EV: 19    Int:  7    God:    Trog [******]
Gold:   2116       SH: 26    Dex: 27    Spells: 14/14 levels left

rFire    x . .     SeeInvis .   a - +9 demon blade (drain)
rCold    + + .     Gourm    +   D - +2 large shield {AC+3}
rNeg     . . .     Faith    .   I - +8 ice dragon scales "Muadeci" {*Drain rElec rF- rC++ rCorr Dex+5}
rPois    +         Spirit   .   (helmet restricted)
rElec    +         Reflect  .   P - +2 cloak {rPois}
rCorr    +         Harm     .   g - +0 pair of gloves
MR       +++..                  (no boots)
Stlth    +.........             l - amulet of Wiminoh {Gourm Dex+6}
HPRegen  1.30/turn              M - +3 ring of intelligence
MPRegen  0.17/turn              (no ring)

@: regenerating
A: retaliatory headbutt, horns 2
a: Berserk, Trog's Hand, Brothers in Arms, Renounce Religion


You were on level 13 of the Dungeon.
You worshipped Trog.
Trog was exalted by your worship.
You were very full.

You visited 3 branches of the dungeon, and saw 21 of its levels.
You also visited: Labyrinth and Ice Cave.

You collected 2116 gold pieces.

Inventory:

Hand Weapons
 a - a +9 demon blade of draining (weapon)
   (Trog gifted it to you on level 12 of the Dungeon)
 s - a +2 scimitar of flaming
   (You took it off an efreet on level 13 of the Dungeon)
 O - the cursed +0 war axe of Focywn {distort, rN+ MP+9 Int+3 SInv, unknown}
   (You found it on level 6 of the Lair of Beasts)

   It warps and distorts space around it.
   Unwielding it can cause banishment or high damage.
   It affects your intelligence (+3).
   It protects you from negative energy.
   It affects your magic capacity (+9).
   It lets you see invisible.
   It has a curse placed upon it.
Missiles
 y - 5 throwing nets (quivered) {!f}
Armour
 g - a +0 pair of gloves (worn)
   (You found it on level 1 of the Dungeon)
 D - a +2 large shield of protection (worn)
   (You took it off an orc on level 3 of the Dungeon)
 I - the +8 ice dragon scales "Muadeci" (worn) {*Drain rElec rF- rC++ rCorr Dex+5}
   (You found it in an ice cave)

   It affects your dexterity (+5).
   It makes you vulnerable to fire.
   It greatly protects you from cold.
   It insulates you from electricity.
   It provides partial protection from all sources of acid and corrosion.
   It causes draining when unequipped.
 P - a +2 cloak of poison resistance (worn)
   (You found it in a labyrinth)
Jewellery
 l - the amulet of Wiminoh (around neck) {Gourm Dex+6}
   (You found it in an ice cave)

   [amulet of the gourmand]

   It allows you to eat raw meat even when not hungry.
   It affects your dexterity (+6).
 o - an uncursed ring of protection from cold
   (You found it on level 6 of the Lair of Beasts)
 M - a +3 ring of intelligence (left hand)
   (You took it off a minotaur in a labyrinth)
 Q - an uncursed ring of resist corrosion
   (You found it on level 6 of the Lair of Beasts)
 T - a +2 ring of dexterity
   (You found it in a labyrinth)
Wands
 d - a wand of iceblast (9)
   (You found it on level 11 of the Dungeon)
 j - a wand of clouds (5)
   (You found it on level 13 of the Dungeon)
 t - a wand of flame (63)
   (You took it off Duvessa on level 6 of the Dungeon)
 u - a wand of paralysis (5)
   (You found it on level 10 of the Dungeon)
 v - a wand of digging (26)
   (You found it on level 12 of the Dungeon)
Scrolls
 b - a scroll of identify {@r1}
 h - 4 scrolls of immolation {!r}
 i - 8 scrolls of teleportation {@r4}
 m - 2 scrolls of noise {!r}
 p - 5 scrolls of remove curse {@r2}
 r - a scroll of blinking
 A - a scroll of enchant armour
 E - 3 scrolls of silence
 G - 3 scrolls of holy word
 H - 4 scrolls of fear
Potions
 f - 2 potions of curing {@q1}
 k - 3 potions of flight
 n - 3 potions of cancellation
 q - 2 potions of brilliance
 w - a potion of resistance
 x - a potion of haste {@q3}
 z - 3 potions of lignification {!q}
 B - 2 potions of agility
 J - 2 potions of ambrosia
 K - 2 potions of mutation {!q}
 N - a potion of invisibility
Miscellaneous
 c - a sack of spiders
Comestibles
 e - 41 rations {!d}
 C - 8 chunks of flesh


   Skills:
 + Level 8.1 Fighting
 - Level 14.0 Long Blades
 - Level 10.0 Armour
 - Level 10.2 Dodging
 + Level 21.2 Shields
 - Level 10.0 Evocations


You had 14 spell levels left.
You didn't know any spells.
Your spell library was empty.

Dungeon Overview and Level Annotations

Branches:
Dungeon (13/15)            Temple (0/1) D:5            Lair (6/6) D:11
 Shoals (0/4) Lair:2        Snake (0/4) Lair:2        Slime (0/5) Lair:5
    Orc (2/2) D:12            Elf (0/3) Orc:2
 Vaults: D:13-14

Altars:
Fedhas
Hepliaklqana
Makhleb
Okawaru
Qazlal
Sif Muna
Uskayaw
Xom
Zin
The Shining One
Beogh

Shops:
D:11 :?*!   Orc:2 }(%!

Portals:
Trove: D:13 (show slimy rune of Zot)


Innate Abilities, Weirdness & Mutations

You reflexively headbutt those who attack you in melee.
You have a pair of horns on your head.


Message History

Your soldier ant dies!
Your soldier ant's corpse disappears in a puff of smoke!
There's nothing to close nearby.
Aim: a flayed ghost You create a blast of flame!
You carefully extract the barbed spikes from your body.
The centaur warrior is engulfed in blazing flames. x2
The centaur warrior shoots an arrow.
You block the arrow.
The flayed ghost is engulfed in blazing flames.
You hit the flayed ghost.
The centaur warrior is engulfed in blazing flames.
You barely miss the flayed ghost. You headbutt the flayed ghost!
You block the flayed ghost's attack.
You slice the flayed ghost!!
The centaur warrior is engulfed in blazing flames.
Your redback misses the flayed ghost. You block the flayed ghost's attack.
You slash the flayed ghost! You headbutt the flayed ghost.
You destroy the flayed ghost!
Trog accepts your kill.
The terrible wounds on your body vanish.
The centaur warrior is engulfed in blazing flames.
The centaur warrior shoots an arrow.
You block the arrow.
The crystal guardian fires a crystalline bolt at you.
The crystal bolt burns your redback.
Your redback dies!
Your redback's corpse disappears in a puff of smoke!
The crystal bolt burns you! The fire burns you terribly!
* * * LOW HITPOINT WARNING * * *
Your skin crawls.
You feel resistant to hostile enchantments.
You feel somewhat less full.
The centaur warrior is engulfed in blazing flames.
The centaur warrior shoots an arrow.
The arrow hits your worker ant!
Your worker ant bites the centaur warrior but does no damage.
You hit the crystal guardian but do no damage.
You headbutt the crystal guardian, but do no damage.
The centaur warrior is engulfed in blazing flames.
The centaur warrior unwields an uncursed longbow.
The centaur warrior barely misses your worker ant.
The crystal guardian hits you!!
* * * LOW HITPOINT WARNING * * *
Okay, then.
Your worker ant bites the crystal guardian but does no damage.
Trog accepts your kill.
Your Fighting skill increases to level 8!
You feel a bit more experienced.
The crystal guardian glitters, brittle, in the dim dungeon light.
The crystal guardian fires a crystalline bolt at you.
The crystal bolt freezes you! You resist.
You die...

########################
#.......................
#..............@(8......
#..###.....######a....##
#...##......## c§§...#
#....#.......## §§§§!?.
###....(.......## .§§§§$.
........###.....##.###§..
.........##......#.. ...
..........#.......)) ..
.######...........)[.


You could see a crystal guardian and a friendly worker ant.

Vanquished Creatures
  An orc warlord (Orc:1)
  A stone giant (Orc:1)
  The ghost of Mifar the Earth Mage, a journeyman DEEE of Sif Muna (Lair:5)
  A minotaur (Lab)
  An ettin (Orc:2)
  2 ogre magi (Orc:2)
  Harold (Lair:2)
  3 catoblepae (Lair:6)
  5 hydras
  2 centaur warriors
  12 two-headed ogres
  5 death yaks (Lair:6)
  An orc high priest (Orc:1)
  Urug (Orc:1)
  A deep elf knight (Orc:1)
  An unseen horror (D:13)
  A flayed ghost (D:13)
  2 deep elf magi (Orc:1)
  An orc knight (Orc:1)
  4 oklob plants (Lair:5)
  2 orc sorcerers
  3 manticores
  3 ugly things
  16 elephants
  4 cyclopes
  3 ice statues (IceCv)
  5 black mambas
  10 spiny frogs
  7 rime drakes
  7 komodo dragons
  An efreet (D:13)
  A queen bee (D:12)
  12 trolls
  6 polar bears
  13 blink frogs
  5 slime creatures (D:11)
  A hornet (D:10)
  7 dream sheep (Lair:6)
  8 hippogriffs
  A centaur simulacrum (D:10)
  Sigmund (D:2)
  A vampire (D:12)
  A wraith (D:10)
  3 fire bats (Lair:1)
  2 wyverns
  99 yaks
  Grum (D:9)
  A hungry ghost (D:11)
  A warg (Orc:2)
  2 nagas (Lair:2)
  Duvessa (D:6)
  11 water moccasins
  15 porcupines
  22 orc warriors
  A phantom (D:12)
  2 sky beasts
  A black bear (D:8)
  An eye of draining (D:10)
  10 ice beasts
  2 necrophages
  10 wolves
  27 ogres
  11 centaurs
  12 crocodiles
  2 big kobolds
  12 bullfrogs
  Dowan (D:6)
  2 gnoll sergeants
  4 scorpions
  24 killer bees
  An electric eel (Lair:6)
  8 howler monkeys
  9 crimson imps
  A quasit (D:9)
  A bullfrog zombie (D:7)
  16 orc priests
  5 hounds
  A jelly (D:8)
  A gnoll shaman (D:9)
  Crazy Yiuf (D:2)
  2 bullfrog skeletons
  Jessica (D:5)
  An iguana (D:13)
  17 orc wizards
  11 worker ants
  A killer bee zombie (D:8)
  3 hound zombies
  A hound skeleton (D:9)
  24 gnolls
  17 adders
  7 shadow imps
  4 adder skeletons
  An adder zombie (D:6)
  9 leopard geckos
  72 orcs
  10 bats
  4 giant cockroaches
  6 goblins
  5 hobgoblins
  17 jackals
  2 quokkas (D:4)
  3 frilled lizards
  A jackal skeleton (D:4)
  16 kobolds
  A leopard gecko zombie (D:9)
  A quokka skeleton (D:9)
  8 rats
  2 plants
736 creatures vanquished.

Vanquished Creatures (collateral kills)
  2 orc warlords
  A centaur warrior (D:12)
  2 deep trolls (Orc:2)
  2 orc sorcerers (Orc:1)
  A troll (Orc:2)
  5 orc warriors
  2 ogres
  An orc wizard (Orc:1)
  4 orcs
20 creatures vanquished.

Vanquished Creatures (others)
  An orc wizard (Orc:2)
  5 bushes (Lair:3)
  A fire vortex (Lair:1)
  15 fungi
  11 plants (Lair:6)
33 creatures vanquished.

Grand Total: 789 creatures vanquished

Notes
Turn   | Place    | Note
-------+----------+-------------------------------------------
     0 | D:1      | MalarOregon the Minotaur Berserker began the quest for the
                  | Orb.
     0 | D:1      | Reached XP level 1. HP: 19/19 MP: 0/0
   246 | D:1      | Reached XP level 2. HP: 23/26 MP: 1/1
   609 | D:1      | Reached ** piety under Trog
   766 | D:1      | Reached XP level 3. HP: 28/31 MP: 2/2
   906 | D:2      | Noticed Sigmund
  1037 | D:2      | Found a hide-covered altar of Uskayaw.
  1057 | D:2      | Reached skill level 5 in Long Blades
  1132 | D:2      | Found a runed door.
  1317 | D:2      | Killed Sigmund
  1317 | D:2      | Reached XP level 4. HP: 39/39 MP: 3/3
  1317 | D:2      | Reached XP level 5. HP: 45/45 MP: 4/4
  1586 | D:2      | Noticed Crazy Yiuf
  1589 | D:2      | Killed Crazy Yiuf
  1790 | D:3      | Reached XP level 6. HP: 34/51 MP: 5/5
  2455 | D:4      | Reached skill level 1 in Shields
  2798 | D:4      | Found a hazy altar of Hepliaklqana.
  3182 | D:4      | Found a stormy altar of Qazlal.
  3199 | D:5      | Entered Level 5 of the Dungeon
  3253 | D:5      | Reached skill level 2 in Shields
  3256 | D:5      | Reached XP level 7. HP: 53/57 MP: 6/6
  3263 | D:5      | Found an iron altar of Okawaru.
  3270 | D:5      | Reached skill level 5 in Dodging
  3314 | D:5      | Found a staircase to the Ecumenical Temple.
  3338 | D:5      | Got a steaming flail
  3375 | D:5      | Reached *** piety under Trog
  3377 | D:5      | Noticed Jessica
  3383 | D:5      | Killed Jessica
  3403 | D:5      | Found a deep blue altar of Sif Muna.
  3478 | D:5      | Found a burning altar of Makhleb.
  3582 | D:5      | Found a glowing golden altar of the Shining One.
  3583 | D:5      | Found a blossoming altar of Fedhas.
  3673 | D:5      | Found a glowing silver altar of Zin.
  3946 | D:6      | Reached skill level 3 in Shields
  4092 | D:6      | Noticed Duvessa
  4116 | D:6      | Noticed Dowan
  4130 | D:6      | Killed Duvessa
  4147 | D:6      | Killed Dowan
  4210 | D:6      | Got a scorched spear
  4250 | D:6      | Reached XP level 8. HP: 59/64 MP: 7/7
  4251 | D:6      | Reached skill level 4 in Shields
  4561 | D:7      | Reached **** piety under Trog
  4567 | D:7      | Reached skill level 10 in Long Blades
  4682 | D:7      | Got a faintly humming ring mail
  4707 | D:7      | Identified the +0 ring mail of the Wheelwright {*Drain
                  | rElec rF+ rC+++} (You found it on level 7 of the Dungeon)
  4862 | D:7      | Reached skill level 5 in Shields
  5478 | D:7      | Identified the +3 spear of the Ten People {drain, rF+ rN+
                  | Int+4 Dex+4} (You found it on level 6 of the Dungeon)
  5669 | D:8      | Reached XP level 9. HP: 70/70 MP: 8/8
  5901 | D:8      | Reached skill level 6 in Shields
  5922 | D:8      | Got a shimmering bronze ring
  5938 | D:8      | Identified the ring "Musmaa" {rPois MR++ MP+9 Dex-3} (You
                  | found it on level 8 of the Dungeon)
  6242 | D:9      | HP: 1/70 [orc priest/divine providence (9)]
  6881 | D:9      | Reached skill level 7 in Shields
  7147 | D:9      | Reached XP level 10. HP: 60/77 MP: 9/9
  7215 | D:9      | Reached ***** piety under Trog
  7420 | D:9      | Noticed Grum
  7429 | D:9      | Killed Grum
  7473 | D:9      | Reached skill level 8 in Shields
  7758 | D:10     | Entered Level 10 of the Dungeon
  7936 | D:10     | Reached skill level 9 in Shields
  8447 | D:10     | Noticed a two-headed ogre
  8705 | D:10     | Killed a two-headed ogre
  8705 | D:10     | Reached skill level 10 in Dodging
  8705 | D:10     | Reached XP level 11. HP: 82/82 MP: 10/10
  8878 | D:10     | Reached skill level 10 in Shields
  8889 | D:10     | Received a gift from Trog
  9080 | D:11     | Found a frozen archway.
  9115 | D:11     | Found a staircase to the Lair.
  9140 | IceCv    | Entered an ice cave
  9195 | IceCv    | Reached skill level 11 in Shields
  9209 | IceCv    | Noticed a white ugly thing
  9230 | IceCv    | Killed a white ugly thing
  9334 | IceCv    | Noticed a white ugly thing
  9706 | IceCv    | Killed a white ugly thing
  9706 | IceCv    | Reached skill level 12 in Shields
  9808 | IceCv    | Got a smoking silver amulet
  9813 | IceCv    | Got translucent ice dragon scales
  9873 | D:11     | Found Mefrialu's General Store.
  9959 | D:11     | Found Megirhu's Distillery.
 10261 | D:11     | Reached skill level 13 in Shields
 10523 | D:11     | Found Hyeczalim's Book Shoppe.
 10609 | D:11     | Found Vaor's Magic Scroll Shoppe.
 10948 | D:11     | Reached skill level 14 in Shields
 11049 | D:12     | Found a shimmering altar of Xom.
 11078 | D:12     | Noticed a centaur warrior
 11078 | D:12     | Noticed a centaur warrior
 11089 | D:12     | Found a labyrinth entrance.
 11094 | Lab      | Entered a labyrinth
 11265 | Lab      | Noticed a minotaur
 11281 | Lab      | Killed a minotaur
 11290 | Lab      | Got a smoking spear
 11352 | D:12     | Killed a centaur warrior
 11352 | D:12     | Reached XP level 12. HP: 90/90 MP: 11/11
 11354 | D:12     | Killed a centaur warrior
 11474 | D:12     | Reached skill level 15 in Shields
 11519 | D:12     | Noticed a two-headed ogre
 11537 | D:12     | Killed a two-headed ogre
 12039 | D:12     | Identified the +8 ice dragon scales "Muadeci" {*Drain rElec
                  | rF- rC++ rCorr Dex+5} (You found it in an ice cave)
 12074 | D:12     | Identified the amulet of Wiminoh {Gourm Dex+6} (You found
                  | it in an ice cave)
 12075 | D:12     | Identified the cursed +3 spear of Kaom {elec, rPois rN+}
                  | (You found it in a labyrinth)
 12177 | D:12     | Received a gift from Trog
 12199 | D:12     | Found a staircase to the Orcish Mines.
 12930 | D:12     | Reached skill level 16 in Shields
 13283 | Lair:1   | Entered Level 1 of the Lair of Beasts
 13437 | Lair:1   | Reached skill level 1 in Evocations
 13882 | Lair:1   | Reached ****** piety under Trog
 14228 | Lair:2   | Noticed an eight-headed hydra
 14236 | Lair:2   | Killed an eight-headed hydra
 14425 | Lair:2   | Noticed a five-headed hydra
 14428 | Lair:2   | Reached skill level 5 in Armour
 14436 | Lair:2   | Killed a five-headed hydra
 14436 | Lair:2   | Reached XP level 13. HP: 84/95 MP: 15/15
 14469 | Lair:2   | Found a staircase to the Shoals.
 14561 | Lair:2   | Noticed Harold
 14566 | Lair:2   | Reached skill level 5 in Evocations
 14568 | Lair:2   | Reached skill level 17 in Shields
 14601 | Lair:2   | Killed Harold
 14874 | Lair:2   | Found a staircase to the Snake Pit.
 14882 | Lair:2   | Received a gift from Trog
 14886 | Lair:2   | Got a steaming scimitar {god gift}
 14887 | Lair:2   | Identified the +2 scimitar of Deflation {slice, Int+6
                  | Dex+4} (Trog gifted it to you on level 2 of the Lair of
                  | Beasts)
 17119 | Lair:5   | Reached XP level 14. HP: 98/102 MP: 19/19
 17168 | Lair:5   | Found a staircase to the Slime Pits.
 17187 | Lair:5   | Received a gift from Trog
 17581 | Lair:5   | Found a runed door.
 17591 | Lair:5   | Noticed Mifar's ghost (journeyman DEEE)
 18211 | Lair:5   | Killed Mifar's ghost
 18230 | Lair:6   | Entered Level 6 of the Lair of Beasts
 18245 | Lair:6   | Reached skill level 18 in Shields
 18555 | Lair:6   | Reached skill level 10 in Evocations
 18809 | Lair:6   | Reached skill level 10 in Armour
 19258 | Lair:6   | Reached skill level 19 in Shields
 19311 | Lair:6   | Received a gift from Trog
 19349 | Lair:6   | Got a faintly glowing war axe
 19870 | Orc:1    | Entered Level 1 of the Orcish Mines
 19875 | Orc:1    | Noticed a stone giant
 19895 | Orc:1    | Killed a stone giant
 19909 | Orc:1    | Noticed an orc warlord
 19925 | Orc:1    | Killed an orc warlord
 19929 | Orc:1    | Noticed an orc warlord
 19934 | Orc:1    | Reached XP level 15. HP: 73/107 MP: 21/21
 19948 | Orc:1    | Reached skill level 20 in Shields
 19955 | Orc:1    | Killed an orc warlord
 20449 | Orc:1    | Paralysed by an orc sorcerer for 7 turns
 20456 | Orc:1    | Noticed Urug
 20476 | Orc:1    | Killed Urug
 20951 | Orc:2    | Entered Level 2 of the Orcish Mines
 20978 | Orc:2    | Found a staircase to the Elven Halls.
 21074 | Orc:2    | Found Operu's Weapon Emporium.
 21074 | Orc:2    | Found Zaamubil's Distillery.
 21080 | Orc:2    | Reached skill level 5 in Fighting
 21142 | Orc:2    | Found Sohufal's Gadget Shop.
 21188 | Orc:2    | Found Agigyir's Food Shoppe.
 21195 | Orc:2    | Noticed an orc warlord
 21207 | Orc:2    | Received a gift from Trog
 21214 | Orc:2    | Killed an orc warlord
 21219 | Orc:2    | Reached skill level 21 in Shields
 21602 | Orc:2    | Found a roughly hewn altar of Beogh.
 21979 | D:13     | Found a portal to a secret trove of treasure.
 22073 | D:13     | Killed from afar by a crystal guardian

Skill      XL: |  1  2  3  4  5  6  7  8  9 10 11 12 13 14 15 |
---------------+----------------------------------------------+-----
Long Blades    | 4 6 7 8 9 10 12 14 | 14.0
Dodging        | 4 5 7 8 10 | 10.2
Shields        | 2 3 5 7 9 14 16 17 19 21 | 21.2
Evocations     | 4 8 10 | 10.0
Armour         | 5 8 10 | 10.0
Fighting       | 8 |  8.1

Action                   |  1- 3 |  4- 6 |  7- 9 | 10-12 | 13-15 || total
-------------------------+-------+-------+-------+-------+-------++-------
Melee: Falchion          |    59 |   126 |   578 |  1085 |       ||  1848
       Headbutt          |     8 |    26 |   128 |   342 |   398 ||   902
       Spear             |       |       |     3 |    13 |       ||    16
       Demon blade       |       |       |       |   183 |   983 ||  1166
Invok: Berserk           |     1 |       |     2 |     6 |     2 ||    11
       Trog's Hand       |     1 |       |       |       |     4 ||     5
       Brothers in Arms  |       |       |       |     1 |     3 ||     4
Evoke: Wand              |       |       |       |    14 |    12 ||    26
       Sack of spiders   |       |       |       |       |     1 ||     1
  Use: Scroll            |     1 |       |    21 |    15 |     7 ||    44
       Potion            |       |       |     1 |       |       ||     1
 Stab: Petrifying        |       |       |       |       |     3 ||     3
  Eat: Chunk             |     1 |     8 |    15 |    35 |    29 ||    88
       Ration            |       |       |       |     2 |       ||     2
Armor: Animal skin       |     6 |     4 |       |       |       ||    10
       Leather armour    |       |    23 |     6 |       |       ||    29
       Robe              |       |       |    32 |       |       ||    32
       Ring mail         |       |       |    84 |   150 |       ||   234
       Ice dragon scales |       |       |       |    41 |   157 ||   198
Dodge: Dodged            |    40 |    44 |   124 |   250 |   242 ||   700
Block: Large shield      |       |    67 |   428 |  1050 |   791 ||  2336
       Rpst.: Falchion   |    13 |    14 |    29 |    50 |       ||   106
       Demon blade       |       |       |       |    12 |    43 ||    55
